 Dungeon Crawl Stone Soup version 0.31.0-11-ge490571c62 (webtiles) character file.

Game seed: 14436597398958362329

63471 ezpacito the Severer (level 14, -10/119 (121) HPs)
             Began as a Demonspawn Berserker on Jan 30, 2024.
             Was a High Priest of Trog.
             Mangled by a vampire knight
             ... wielding a +0 great sword
              (11 damage)
             ... while paralysed by a vampire knight
             ... on level 1 of the Depths.
             The game lasted 00:38:44 (17723 turns).

ezpacito the Severer (Demonspawn Berserker)        Turns: 17723, Time: 00:38:45

HP:   -10/119 (121) AC: 22    Str: 20    XL:     14   Next: 68%
MP:   14/14         EV:  2    Int:  7    God:    Trog [*****.]
Gold: 1009          SH:  0    Dex: 22    Spells: 13/13 levels left

rFire   . . .        f - +16 obsidian axe {drain, demonic, Mesm ^Drain Fly SInv}
rCold   + . .        (no shield)
rNeg    + + .        w - +2 pearl dragon scales
rPois   +            m - +0 helmet
rElec   .            x - +0 cloak
rCorr   .            p - +1 pair of gloves of Summertime {rC+ rN+}
SInv    +            y - +0 pair of boots
Will    +....        F - amulet of reflection
Stlth   ++           i - +6 ring of dexterity
HPRegen 0.39/turn    g - ring of flight
MPRegen 0.14/turn

%: repel missiles, reflection
@: paralysed, on berserk cooldown, flying, mesmerised, lightly drained
A: claws 1, repulsion field 3, foul stench 1, spiny 2, talons 1, poison
resistance, robust 1
a: Renounce Religion, Berserk, Trog's Hand, Brothers in Arms


You were on level 1 of the Depths.
You worshipped Trog.
Trog was extremely pleased with you.
You visited 3 branches of the dungeon, and saw 17 of its levels.
You also visited: Bailey.

You collected 2317 gold pieces.
You spent 1308 gold pieces at shops.

Inventory:

Hand Weapons
 f - the +16 obsidian axe (weapon) {drain, demonic, Mesm ^Drain Fly SInv}
   (You took it off a kobold in a bailey)

   Mesm:      Its wielder is mesmerised by any visible foes, and it cannot be
   unequipped while any foes are visible.
   SInv:      It lets you see invisible.
   Fly:       It grants you flight.
   ^Drain:    It drains your maximum health when unequipped.
 t - the +2 orcbow of Okawaru, Forging {flame, rElec rF+}
   (You found it on level 14 of the Dungeon)

   rF+:       It protects you from fire.
   rElec:     It insulates you from electricity.
 W - a +4 executioner's axe of protection
Missiles
 d - 163 stones (quivered)
 h - 61 boomerangs
 k - 5 atropa-tipped darts
 n - 11 silver javelins
 A - 27 poisoned darts
 C - 10 throwing nets
 E - 35 javelins
 N - 6 curare-tipped darts
Armour
 b - a scarf of shadows
 m - a +0 helmet (worn)
 p - the +1 pair of gloves of Summertime (worn) {rC+ rN+}
   (You acquired it on level 5 of the Dungeon)

   rC+:       It protects you from cold.
   rN+:       It protects you from negative energy.
 w - +2 pearl dragon scales (worn)
 x - a +0 cloak (worn)
 y - a +0 pair of boots (worn)
Jewellery
 g - a ring of flight (right hand)
 i - a +6 ring of dexterity (left hand)
 s - a +6 ring of intelligence
 F - an amulet of reflection (around neck)
 H - a ring of fire
 R - a ring of protection from cold
Talismans
 c - a serpent talisman
 o - a maw talisman
 G - a blade talisman
 V - a maw talisman
Wands
 q - a wand of mindburst (10)
 r - a wand of polymorph (19)
 L - a wand of flame (22)
 M - a wand of roots (28)
Scrolls
 j - 5 scrolls of teleportation
 K - 3 scrolls of vulnerability
 O - a scroll of identify
 T - 2 scrolls of torment
 Y - a scroll of revelation
Potions
 a - 9 potions of enlightenment
 e - 5 potions of curing
 u - a potion of magic
 D - a potion of mutation
 I - 2 potions of lignification
 J - a potion of resistance
 P - a potion of berserk rage
 Q - 2 potions of attraction
Miscellaneous
 z - a phial of floods
 B - a lightning rod (1/4)
 X - a phantom mirror


   Skills:
 * Level 10.2 Fighting
 * Level 15.3 Axes
 * Level 7.1 Ranged Weapons
 * Level 8.8 Armour
 * Level 7.6 Dodging
 - Level 7.0 Stealth
 - Level 0.2 Shields
 * Level 7.0 Unarmed Combat
 * Level 4.4 Evocations


You had 13 spell levels left.
You didn't know any spells.
Your spell library contained the following spells:

 Spells                   Type           Power      Damage    Failure   Level
 Jinxbite                 Hex            0%         N/A       91%         2
 Lesser Beckoning         Tloc           0%         N/A       91%         2
 Dazzling Flash           Conj/Hex       0%         N/A       99%         3
 Gell's Gravitas          Tloc           0%         N/A       99%         3
 Teleport Other           Tloc           0%         N/A       99%         3
 Volatile Blastmotes      Fire/Tloc      0%         2d10      99%         3
 Ignite Poison            Fire/Alch      0%         N/A       100%        4
 Manifold Assault         Tloc           0%         N/A       100%        4
 Sticky Flame             Fire/Alch      0%         2d4       100%        4
 Yara's Violent Unravell  Hex/Alch       0%         3d3       100%        5
 Dispersal                Tloc           0%         N/A       100%        6
 Starburst                Conj/Fire      0%         6d3       100%        6
 Enfeeble                 Hex            0%         N/A       100%        7
 Disjunction              Tloc           0%         N/A       100%        8
 Ignition                 Fire           0%         3d3       100%        8
 Maxwell's Capacitive Co  Air            0%         ∞         100%        8


Dungeon Overview and Level Annotations

Branches:
Dungeon (15/15)            Temple (1/1) D:4            Lair (0/5) D:11
    Orc (0/2) D:12         Vaults (0/5) D:14         Depths (1/4) D:15
 Bailey (visited)

Altars:
Ashenzari
Cheibriados
Dithmenos
Fedhas
Gozag
Hepliaklqana
Kikubaaqudgha
Makhleb
Nemelex Xobeh
Okawaru
Qazlal
Ru
Sif Muna
Trog
Uskayaw
Vehumet
Wu Jian
Xom
Yredelemnul

Shops:
D:2 [

Portals:
Hell: Depths:1
Trove: D:13 (give 4 potions of resistance)


Innate Abilities, Weirdness & Mutations

You have sharp fingernails.
You are surrounded by a strong repulsion field. (EV +4, RMsl)
You may rarely emit foul miasma when damaged in melee.
You are mostly covered in sharp spines.
You have sharp toenails.
Your system is resistant to poisons. (rPois)
You are robust. (+10% HP)


Message History

The vampire knight hits you with a +0 great sword.
The vampire knight bites you but does no damage.
You hit the vampire knight but do no damage.
You slice the lich!!
The lich touches you but does no damage.
The vampire knight is struck by your spines.
The vampire knight misses you. You block the vampire knight's attack.
Unknown command.
You slash the vampire knight!
The vampire knight is lightly damaged.
You slash the lich! The lich completely misses you.
The vampire knight casts a spell at you.
You suddenly lose the ability to move!
The spriggan berserker is struck by your spines.
The spriggan berserker hits you with a +0 quarterstaff!
The lich points at you and mumbles some strange words.
The bolt of cold hits you. You resist.
The vampire knight hits you with a +0 great sword!!
The vampire knight bites you but does no damage.
The polar bear rages.
Visions of slaying the lich flood into your mind.
The spriggan berserker hits you with a +0 quarterstaff!!
The lich is struck by your spines. The lich touches you. You partially resist.
You feel drained.
You emit a cloud of foul miasma!
The vampire knight barely misses you. The vampire knight bites you.
The vampire knight draws strength from your injuries!
Visions of slaying the spriggan berserker flood into your mind.
The spriggan berserker is struck by your spines.
The spriggan berserker hits you with a +0 quarterstaff!!
* * * LOW HITPOINT WARNING * * *
The vampire knight casts a spell at you.
You shrug off the repeated paralysis!
The lich is struck by your spines.
The lich touches you but does no damage.
The spriggan berserker prays to Trog.
The spriggan berserker goes berserk!
The lich points at you and mumbles some strange words.
The bolt of cold hits you!! You resist.
* * * LOW HITPOINT WARNING * * *
The vampire knight hits you with a +0 great sword!
You die...

.. #....#........
.. #...#....##...
..
..###...#...#..# .
..
.......#....#.#..#
.. ...##..#...#.#.
.# ..
.##.....#..#.# . .
..
#.......#..#..##.
..
#........##.....
..
...##...@.......
.. .. #..VLi......
#. . #...h##.....
#...#Y #..##
#...#. .#..
#..#... # # #.. ..
#.. ...


You could see a lich (invisible), a vampire knight, an elephant (summoned,
berserk), a spriggan berserker (mesmerising, berserk) and a polar bear
(summoned, berserk).

Vanquished Creatures
  A golden dragon (Depths:1)
  Agnes (D:15)
  Frances (D:12)
  2 frost giants (Depths:1)
  An orc warlord (D:14)
  A stone giant (Depths:1)
  Nessos (D:13)
  An ettin (Depths:1)
  An entropy weaver (shapeshifter) (D:15)
  4 vault guards (D:14)
  8 centaur warriors
  2 ice dragons (Depths:1)
  2 ogre magi (D:15)
  2 hydras
  5 two-headed ogres
  A boulder beetle (D:14)
  A deep troll earth mage (D:15)
  3 tengu warriors
  2 deep elf knights (D:14)
  Nergalle (D:10)
  Sonja (D:11)
  Lodul (D:11)
  5 slime creatures
  2 deep elf archers (D:14)
  A deep elf pyromancer (D:14)
  The ghost of Krumphau the Basher, a novice MiFi of the Shining One (D:6)
  3 manticores
  4 ugly things (D:14)
  A faun (shapeshifter) (Depths:1)
  2 cyclopes (D:15)
  3 meliai (D:14)
  A gargoyle (D:12)
  A cane toad (shapeshifter) (D:15)
  3 unseen horrors
  Psyche (D:11)
  2 freezing wraiths
  A tengu conjurer (D:15)
  A queen bee (D:14)
  A queen bee (shapeshifter) (D:13)
  3 trolls
  2 hornets
  A wolf spider simulacrum (D:15)
  Sigmund (D:2)
  A vampire (D:11)
  A wyvern (D:9)
  4 shadows
  9 yaks
  7 humans (D:14)
  6 vampire mosquitoes (D:14)
  2 basilisks
  The ghost of knightboat the Insei, an amateur GnSh (D:3)
  4 steam dragons
  Menkaure (D:4)
  2 water moccasins
  A water moccasin (shapeshifter) (D:14)
  Duvessa (D:6)
  3 black bears
  24 orc warriors
  A black bear (shapeshifter) (D:15)
  An ice beast (D:7)
  2 sky beasts (D:7)
  7 ogres
  5 boggarts (D:14)
  14 centaurs
  4 wolves
  2 lemures (D:9)
  A phantom (D:6)
  3 kobold brigands
  3 bullfrogs (D:8)
  6 wights
  A wyvern skeleton (D:3)
  Dowan (D:6)
  28 killer bees
  7 howler monkeys
  An electric eel (D:10)
  A centaur zombie (D:3)
  4 bombardier beetles
  A bullfrog zombie (D:3)
  3 jellies
  8 orc priests
  7 hounds
  Crazy Yiuf (D:3)
  2 sleepcaps (D:4)
  Terence (D:2)
  3 iguanas
  12 orc wizards
  Robin (D:2)
  6 gnolls
  4 adders
  2 white imps
  4 ufetubi
  3 dart slugs
  A ribbon worm (D:2)
  35 orcs
  6 endoplasms
  8 giant cockroaches
  22 goblins
  11 hobgoblins
  4 jackals (D:1)
  25 kobolds
  8 quokkas
  11 ball pythons
  9 bats
  2 frilled lizards
  10 rats
452 creatures vanquished.

Vanquished Creatures (collateral kills)
  An ettin (Depths:1)
  Fannar (D:11)
  A vault guard (D:14)
  A hydra (D:13)
  2 centaur warriors (D:14)
  Pikel (D:9)
  A deep elf pyromancer (D:13)
  An ugly thing (D:14)
  A cyclops (D:12)
  An ice statue (D:11)
  A komodo dragon (D:11)
  A troll (D:8)
  A troll (shapeshifter) (D:14)
  A slime creature (D:12)
  4 yaks
  A wraith (D:7)
  Grum (D:8)
  A vampire (D:11)
  2 vampire mosquitoes (D:14)
  4 orc warriors
  3 ogres (D:11)
  A sky beast (D:8)
  A lemure (D:9)
  A bullfrog (D:9)
  2 wights
  2 killer bees
  A howler monkey (D:8)
  2 orc priests
  An orc wizard (D:7)
  An orc (D:8)
  3 kobolds (D:10)
46 creatures vanquished.

Vanquished Creatures (others)
  A tengu conjurer (D:13)
  An orc warrior (D:14)
2 creatures vanquished.

Grand Total: 500 creatures vanquished

Notes
Turn   | Place    | Note
-------+----------+-------------------------------------------
     0 | D:1      | ezpacito the Demonspawn Berserker began the quest for the
                  | Orb.
     0 | D:1      | Reached XP level 1. HP: 18/18 MP: 1/1
   202 | D:1      | Gained mutation: You are surrounded by a mild repulsion
                  | field. (EV +2) [demonic ancestry]
   202 | D:1      | Reached XP level 2. HP: 23/24 MP: 2/2
   268 | D:1      | Reached skill level 3 in Axes
   755 | D:2      | Reached XP level 3. HP: 25/29 MP: 3/3
   874 | D:2      | Noticed Robin
   880 | D:2      | Reached ** piety under Trog
   894 | D:2      | Killed Robin
  1111 | D:2      | Found Ekuxkeli's Armour Boutique.
  1200 | D:2      | Gained mutation: You are surrounded by a moderate repulsion
                  | field. (EV +3) [demonic ancestry]
  1200 | D:2      | Reached XP level 4. HP: 35/35 MP: 4/4
  1341 | D:2      | Noticed Terence
  1352 | D:2      | Killed Terence
  1509 | D:2      | Reached skill level 4 in Axes
  1627 | D:2      | Noticed Sigmund
  1637 | D:2      | Killed Sigmund
  1638 | D:2      | Reached skill level 1 in Stealth
  1638 | D:2      | Reached skill level 1 in Unarmed Combat
  1638 | D:2      | Reached XP level 5. HP: 42/42 MP: 5/5
  1638 | D:2      | Gained mutation: You are partially covered in sharp spines.
                  | [demonic ancestry]
  1638 | D:2      | Reached XP level 6. HP: 48/48 MP: 6/6
  1771 | D:3      | Found a transporter.
  1922 | D:3      | Noticed knightboat's ghost (amateur GnSh)
  2145 | D:3      | Reached skill level 1 in Ranged Weapons
  2307 | D:3      | Found a runed translucent door.
  2308 | D:3      | Noticed Crazy Yiuf
  2487 | D:3      | Killed Crazy Yiuf
  2591 | D:2      | Bought a +0 pair of boots for 54 gold pieces
  2591 | D:2      | Bought a +0 pair of gloves for 54 gold pieces
  2777 | D:4      | Reached skill level 5 in Axes
  2809 | D:4      | Found an opulent altar of Gozag.
  2818 | D:4      | Noticed Menkaure
  2822 | D:4      | Killed Menkaure
  2825 | D:4      | Gained mutation: You are surrounded by a strong repulsion
                  | field. (EV +4, RMsl) [demonic ancestry]
  2825 | D:4      | Reached XP level 7. HP: 54/54 MP: 7/7
  3022 | D:4      | Found a staircase to the Ecumenical Temple.
  3035 | Temple   | Entered the Ecumenical Temple
  3050 | D:4      | Found an iron altar of Okawaru.
  3382 | D:4      | Reached skill level 6 in Axes
  3406 | D:4      | Reached *** piety under Trog
  3541 | D:5      | Entered Level 5 of the Dungeon
  3549 | D:5      | Reached XP level 8. HP: 61/61 MP: 8/8
  3680 | D:5      | Identified a scroll of acquirement
  3680 | D:5      | Acquired the +1 pair of gloves of Summertime {rC+ rN+}
  3820 | D:5      | Gained mutation: You have hidden genetic defects. [potion
                  | of mutation]
  4393 | D:6      | Reached skill level 7 in Axes
  4413 | D:6      | Gained mutation: Your body sometimes deteriorates upon
                  | taking damage. [hidden defects]
  4470 | D:6      | Noticed Duvessa
  4475 | D:6      | Noticed Dowan
  4483 | D:6      | Killed Duvessa
  4484 | D:6      | Reached skill level 5 in Fighting
  4488 | D:6      | Killed Dowan
  4495 | D:6      | Gained mutation: Your body often deteriorates upon taking
                  | damage. [hidden defects]
  4495 | D:6      | Lost mutation: You have hidden genetic defects. [hidden
                  | defects expressed]
  4512 | D:6      | Reached XP level 9. HP: 56/68 MP: 9/9
  4630 | D:6      | Found a transporter.
  4666 | D:6      | Noticed Krumphau's ghost (novice MiFi)
  4667 | D:6      | Found a transporter.
  4762 | D:6      | Identified the +2 robe "Efenech" {rN+}
  5215 | D:5      | Found a shadowy altar of Dithmenos.
  5325 | D:5      | Lost mutation: Your body often deteriorates upon taking
                  | damage. [potion of mutation]
  5325 | D:5      | Lost mutation: Your body sometimes deteriorates upon taking
                  | damage. [potion of mutation]
  5325 | D:5      | Gained mutation: You have sharp toenails. [potion of
                  | mutation]
  5325 | D:5      | Gained mutation: You are robust. (+10% HP) [potion of
                  | mutation]
  5325 | D:5      | Gained mutation: Your system is resistant to poisons.
                  | (rPois) [potion of mutation]
  5466 | D:6      | Killed Krumphau's ghost
  5467 | D:6      | Reached skill level 8 in Axes
  5538 | D:3      | Reached **** piety under Trog
  5550 | D:3      | Killed knightboat's ghost
  5613 | D:3      | Found a transporter.
  5714 | D:7      | Found a flagged portal.
  5765 | Bailey   | Entered a bailey
  6035 | Bailey   | Reached skill level 9 in Axes
  6293 | D:7      | Gained mutation: You have sharp fingernails. [demonic
                  | ancestry]
  6293 | D:7      | Reached XP level 10. HP: 70/83 MP: 10/10
  6394 | D:7      | Found a stormy altar of Qazlal.
  6627 | D:7      | Identified the +1 robe "Igan" {+Blink}
  6782 | D:7      | Reached skill level 5 in Armour
  7001 | D:7      | Found a snail-covered altar of Cheibriados.
  7460 | D:8      | Noticed Grum
  7467 | D:8      | Killed Grum
  7531 | D:8      | Reached ***** piety under Trog
  7539 | D:8      | Reached skill level 10 in Axes
  7689 | D:8      | Found a basalt altar of Yredelemnul.
  8887 | D:9      | Noticed a centaur warrior
  8889 | D:9      | Noticed Pikel
  8892 | D:9      | Killed a centaur warrior
  8893 | D:9      | Reached XP level 11. HP: 75/91 MP: 11/11
  8896 | D:9      | You are sucked into a shaft and drop 2 floors!
  9071 | D:11     | Noticed Sonja
  9079 | D:11     | Killed Sonja
  9080 | D:11     | Reached skill level 5 in Dodging
  9214 | D:11     | Found a staircase to the Lair.
  9222 | D:11     | Reached skill level 5 in Stealth
  9346 | D:11     | Reached skill level 11 in Axes
  9431 | D:11     | Noticed Psyche
  9432 | D:11     | Paralysed by Psyche for 2 turns
  9437 | D:11     | Killed Psyche
  9448 | D:10     | Entered Level 10 of the Dungeon
  9510 | D:9      | Found a hide-covered altar of Uskayaw.
  9642 | D:9      | Killed Pikel
  9987 | D:10     | Identified the +1 dagger of the Real Monster {flame, Int+3
                  | Dex+3 SInv}
 10458 | D:10     | Noticed Nergalle
 10470 | D:10     | Killed Nergalle
 10783 | D:11     | Reached skill level 5 in Unarmed Combat
 10783 | D:11     | Received a gift from Trog
 10812 | D:11     | Identified the +0 ring mail "Acoqized" {rF+ rCorr Int+2
                  | Slay-6}
 10940 | D:11     | Noticed Lodul
 10945 | D:11     | Reached skill level 12 in Axes
 10947 | D:11     | Killed Lodul
 10948 | D:11     | Reached skill level 5 in Ranged Weapons
 10948 | D:11     | Gained mutation: You may rarely emit foul miasma when
                  | damaged in melee. [demonic ancestry]
 10948 | D:11     | Reached XP level 12. HP: 88/100 MP: 12/12
 11067 | D:11     | Noticed Fannar
 11074 | D:11     | Killed Fannar
 11561 | D:12     | Found a staircase to the Orcish Mines.
 11562 | D:12     | Noticed Frances
 11570 | D:12     | Killed Frances
 12250 | D:12     | Noticed a tengu warrior
 12260 | D:12     | Killed a tengu warrior
 12646 | D:2      | Bought +0 pearl dragon scales for 1200 gold pieces
 12875 | D:13     | Noticed a four-headed hydra
 12881 | D:13     | Killed a four-headed hydra
 12882 | D:13     | Reached skill level 13 in Axes
 12916 | D:13     | Noticed a two-headed ogre
 12922 | D:13     | Killed a two-headed ogre
 12952 | D:13     | Noticed a six-headed hydra
 12959 | D:13     | Killed a six-headed hydra
 12960 | D:13     | Reached skill level 1 in Evocations
 13131 | D:13     | Noticed a centaur warrior
 13134 | D:13     | Noticed Nessos
 13137 | D:13     | Noticed a tengu warrior
 13141 | D:13     | Killed a centaur warrior
 13149 | D:13     | Killed a tengu warrior
 13159 | D:13     | Killed Nessos
 13374 | D:13     | Noticed a centaur warrior
 13380 | D:13     | Killed a centaur warrior
 13698 | D:13     | Found a portal to a secret trove of treasure.
 13879 | D:14     | Noticed a seven-headed hydra
 13881 | D:14     | Reached XP level 13. HP: 107/107 MP: 13/13
 13928 | D:14     | Received a gift from Trog
 14368 | D:14     | Identified the +2 orcbow of Okawaru, Forging {flame, rElec
                  | rF+}
 14437 | D:14     | Noticed an orc warlord
 14438 | D:14     | Found an iron altar of Okawaru.
 14450 | D:14     | Killed an orc warlord
 14594 | D:14     | Identified the +10 mace "Adwaiq" {speed, Dex+3}
 14703 | D:14     | Reached skill level 14 in Axes
 15464 | D:14     | Found a gate to the Vaults.
 15941 | D:15     | Entered Level 15 of the Dungeon
 15943 | D:15     | Found a hide-covered altar of Uskayaw.
 16023 | D:15     | Found a shimmering blue altar of Sif Muna.
 16039 | D:15     | Gained mutation: You are mostly covered in sharp spines.
                  | [demonic ancestry]
 16039 | D:15     | Reached XP level 14. HP: 104/118 MP: 14/14
 16222 | D:15     | Noticed Agnes
 16231 | D:15     | Killed Agnes
 16567 | D:15     | Found a staircase to the Depths.
 16582 | D:15     | Paralysed by an ogre mage for 4 turns
 16880 | D:15     | Received a gift from Trog
 17084 | D:15     | Reached skill level 15 in Axes
 17155 | Depths:1 | Entered Level 1 of the Depths
 17218 | Depths:1 | Noticed a stone giant
 17226 | Depths:1 | Killed a stone giant
 17226 | Depths:1 | Noticed a frost giant
 17227 | Depths:1 | Reached skill level 10 in Fighting
 17232 | Depths:1 | Killed a frost giant
 17320 | Depths:1 | Noticed a frost giant
 17329 | Depths:1 | Killed a frost giant
 17331 | Depths:1 | Noticed a golden dragon
 17336 | Depths:1 | Killed a golden dragon
 17346 | Depths:1 | Noticed a lich
 17349 | Depths:1 | Found a gateway to Hell.
 17713 | Depths:1 | Noticed a lich
 17713 | Depths:1 | Noticed a vampire knight
 17719 | Depths:1 | Paralysed by a vampire knight for 5 turns
 17723 | Depths:1 | HP: 1/119 [lich/bolt of cold (18)]
 17723 | Depths:1 | Mangled by a vampire knight

Illustrated notes

Levels and vault maps discovered:
D:1:      lightli_iron_boxes, layout_loops_cross
D:2:      layout_basic, serial_shops, nicolae_shop_stone, minmay_hexomino_f4,
          uniq_terence, uniq_sigmund, uniq_robin
D:3:      layout_loops_ring, gammafunk_ghost_mausoleum,
          kennysheep_generic_room_8, uniq_crazy_yiuf_cottage
D:4:      minmay_polygon_palace, layout_cave_pools,
          mainiacjoe_overflow_24_doors, old_standard_altar,
          minmay_temple_entry_drinking_statues, uniq_menkaure
D:5:      layout_basic, mainiacjoe_overflow_six_doors_small
D:6:      layout_loops_ring, gammafunk_ghost_arena, st_stairs_14, uniq_duvessa
D:7:      layout_cave_pods, chei_slow_surprise, marbit_many_paths,
          enter_bailey_5, chequers_arboretum
D:8:      kennysheep_blocky_room, layout_loops_corners,
          grunt_temple_overflow_open, uniq_grum
D:9:      layout_roguey, kennysheep_mini, uniq_pikel
D:10:     layout_loops_ring, kennysheep_crisscross, nicolae_letterblocks
          [nicolae_letter_subblock, nicolae_letter_subblock,
          nicolae_letter_subblock, nicolae_letter_subblock,
          nicolae_letter_subblock, nicolae_letter_subblock,
          nicolae_letter_subblock, nicolae_letter_subblock,
          nicolae_letter_subblock, nicolae_letter_subblock,
          nicolae_letter_subblock, nicolae_letter_subblock,
          nicolae_letter_subblock, nicolae_letter_subblock,
          nicolae_letter_subblock, nicolae_letter_subblock,
          nicolae_letter_subblock, nicolae_letter_subblock,
          nicolae_letter_subblock, nicolae_letter_subblock,
          nicolae_letter_subblock, nicolae_letter_subblock,
          nicolae_letter_subblock, nicolae_letter_subblock,
          nicolae_letter_subblock], uniq_nergalle
D:11:     lemuel_ice_statue, layout_cave_pods, erik_lair_orcish_takeover,
          nicolae_twisting_strands, uniq_sonja, uniq_lodul, uniq_fannar,
          uniq_psyche
D:12:     layout_loops_ring, minmay_orc_entry_temple_large,
          kennysheep_generic_room_16, uniq_frances
D:13:     layout_irregular_city, enter_trove_3, nicolae_tso_swordbearing_angel,
          uniq_nessos
D:14:     evilmike_iron_armoury, layout_loops_cross, ximxim_vaults_locker_room,
          special_room [special_room_bee], minmay_misc_feat_square
D:15:     hellmonk_depths_entry_around_the_bend, layout_loops_ring,
          lemuel_tele_altar, special_room [special_room_orc],
          eat_drink_and_be_merry_uskayaw, uniq_agnes
Temple:   jpeg_temple_clearing
Depths:1: layout_long_grid, ebering_ghost_disaster_area, serial_sigils,
          serial_sigils_hangedman_gut, serial_sigils_hangedman_etch,
          serial_sigils_hangedman_leer, serial_sigils_hangedman_gut,
          serial_sigils_hangedman_quiver, serial_sigils_hangedman_clutch,
          hell_entry, reono_crystal_passage, xom_teletrap_fun, firewood_loft,
          serial_bayou_shore_b

Skill      XL: |  1  2  3  4  5  6  7  8  9 10 11 12 13 14 |
---------------+-------------------------------------------+-----
Dodging        | 2 3 4 5 6 7 |  7.6
Axes           | 3 4 5 6 7 9 10 12 13 14 15 | 15.3
Armour         | 2 3 4 5 6 7 8 |  8.8
Stealth        | 1 2 3 4 5 6 7 |  7.0
Unarmed Combat | 1 2 3 4 5 6 7 |  7.0
Ranged Weapons | 1 2 3 4 5 6 7 |  7.1
Fighting       | 4 5 6 7 8 9 10 | 10.2
Evocations     | 1 3 4 |  4.4
Shields        | |  0.2

Action                     |  1- 3 |  4- 6 |  7- 9 | 10-12 | 13-15 || total
---------------------------+-------+-------+-------+-------+-------++-------
  Melee: Hand axe          |   111 |    61 |       |       |       ||   172
         Punch             |     1 |       |     3 |     8 |    11 ||    23
         War axe           |       |     5 |   125 |       |       ||   130
         Battleaxe         |       |       |    82 |       |       ||    82
         Broad axe         |       |       |    18 |   288 |   251 ||   557
 Invoke: Berserk           |     1 |     4 |     6 |     8 |    10 ||    29
  Evoke: Lightning rod     |       |       |       |     3 |     7 ||    10
         Wand              |       |       |       |     3 |       ||     3
    Use: Scroll            |       |     3 |    11 |     9 |    12 ||    35
         Potion            |       |       |     8 |     5 |    10 ||    23
   Stab: Sleeping          |     2 |     3 |       |       |     2 ||     7
         Distracted        |       |       |       |     2 |     2 ||     4
         Invisible         |       |       |       |     1 |       ||     1
 Armour: Animal skin       |    53 |     7 |       |       |       ||    60
         Ring mail         |       |    24 |       |       |       ||    24
         Scale mail        |       |     5 |    85 |       |       ||    90
         Chain mail        |       |       |    32 |   100 |       ||   132
         Plate armour      |       |       |    94 |    93 |       ||   187
         Pearl dragon scal |       |       |       |    49 |   205 ||   254
  Dodge: Dodged            |   101 |    41 |   191 |   280 |   235 ||   848
         Repelled          |       |       |     3 |     3 |     2 ||     8
  Block: Other             |       |       |       |       |    34 ||    34
         Reflection        |       |       |       |       |     2 ||     2
